 Dungeon Crawl Stone Soup version 0.30-a0-629-gd54f4be4f7 (webtiles) character file.

Game seed: 11303746586416484601

49 Mitcholas the Shooter (level 3, -1/21 HPs)
             Began as a Deep Elf Hunter on Jan 12, 2023.
             Slain by Sigmund
             ... wielding a +0 scythe
              (7 damage)
             ... on level 2 of the Dungeon.
             The game lasted 00:01:21 (1032 turns).

Mitcholas the Shooter (Deep Elf Hunter)             Turns: 1032, Time: 00:01:21

Health: -1/21      AC:  3    Str: 14    XL:     3   Next: 53%
Magic:  5/5        EV: 13    Int: 13    God:
Gold:   113        SH:  0    Dex: 20    Spells: 2/2 levels left

rFire   . . .      SeeInvis .    a - +0 shortbow
rCold   . . .      Faith    .    (shield currently unavailable)
rNeg    . . .      Spirit   .    c - +0 leather armour
rPois   .          Reflect  .    (no helmet)
rElec   .          Harm     .    (no cloak)
rCorr   .          Rampage  .    (no gloves)
Will    .....                    (no boots)
Stlth   +                        (no amulet)
HPRegen 0.23/turn                j - +6 ring of strength
MPRegen 0.09/turn                (no ring)

@: confused
A: no striking features
a: no special abilities


You were on level 2 of the Dungeon.
You visited 1 branch of the dungeon, and saw 2 of its levels.

You collected 113 gold pieces.

Inventory:

Hand Weapons
 a - a +0 shortbow (weapon)
Armour
 c - a +0 leather armour (worn)
Jewellery
 j - a +6 ring of strength (left hand)
Scrolls
 b - a scroll of immolation
 e - a scroll of torment {unknown}
 f - 4 scrolls of silence {unknown}
 g - 3 scrolls of identify {unknown}
 h - a scroll of amnesia {unknown}
 k - a scroll of fear {unknown}
Potions
 d - a potion of ambrosia {unknown}
 i - a potion of haste {unknown}
 l - 2 potions of brilliance {unknown}


   Skills:
 + Level 1.9 Fighting
 * Level 5.9 Ranged Weapons
 + Level 0.8 Armour
 + Level 3.0 Dodging
 + Level 2.2 Stealth


You had 2 spell levels left.
You didn't know any spells.
Your spell library contained the following spells:

 Spells                   Type           Power      Damage    Failure   Level
 Hailstorm                Conj/Ice       0%         3d3       75%         3
 Ice Form                 Ice/Tmut       0%         N/A       98%         4
 Simulacrum               Ice/Necr       0%         N/A       100%        6


Dungeon Overview and Level Annotations

Branches:
Dungeon (2/15)

Altars:

Shops:
D:2 ((

Annotations:
D:2 Sigmund


Message History

No target in view!
No target in view!
No target in view!
No target in view!
No target in view!
No target in view!
No target in view!
No target in view!
No target in view!
No target in view!
No target in view!
No target in view!
No target in view!
No target in view!
Fire: a) +0 shortbow
Press: ? - help, Q - select action Shift-Dir - straight line You shoot an arrow.
Fire: a) +0 shortbow
Press: ? - help, Q - select action Shift-Dir - straight line You shoot an arrow.
Something hits you.
Fire: a) +0 shortbow
Press: ? - help, Q - select action Shift-Dir - straight line You shoot an arrow.
You hear some strange, mumbled words.
You are confused.
Non-targeted confused fire: a) +0 shortbow
Press: ? - help, Q - select action Dir - look around, f - activate You shoot an arrow.
Something barely misses you.
Non-targeted confused fire: a) +0 shortbow
Press: ? - help, Q - select action Dir - look around, f - activate You shoot an arrow.
Something hits you!
* * * LOW HITPOINT WARNING * * *
Non-targeted confused fire: a) +0 shortbow
Press: ? - help, Q - select action Dir - look around, f - activate You shoot an arrow.
Something hits you!
You die...

......# ..... .....
... ... #{# #$# #@#
#.# #.# #.# #.# #####
####.############....
#....................
#.##..###########....
#.###.###### #....


There were no monsters in sight!

Vanquished Creatures
  Jessica (D:2)
  6 ball pythons (D:1)
  An endoplasm (D:1)
  A giant cockroach (D:1)
  4 hobgoblins (D:1)
  2 quokkas
  4 bats (D:1)
  A frilled lizard (D:2)
  A goblin (D:1)
  2 rats (D:1)
23 creatures vanquished.

Vanquished Creatures (others)
  A plant (D:1)
1 creature vanquished.

Grand Total: 24 creatures vanquished

Notes
Turn   | Place    | Note
-------+----------+-------------------------------------------
     0 | D:1      | Mitcholas the Deep Elf Hunter began the quest for the Orb.
     0 | D:1      | Reached XP level 1. HP: 12/12 MP: 3/3
   103 | D:1      | Reached XP level 2. HP: 10/17 MP: 4/4
   794 | D:2      | Found Xumeig's Antique Weapon Shoppe.
   968 | D:2      | Found Bocy's Antique Weapon Shoppe.
   969 | D:2      | Noticed Jessica
   974 | D:2      | Killed Jessica
   975 | D:2      | Reached XP level 3. HP: 15/21 MP: 5/5
  1020 | D:2      | Noticed Sigmund
  1032 | D:2      | Slain by Sigmund

Illustrated notes

Levels and vault maps discovered:
D:1:      dpeg_arrival_signposts, layout_basic, serial_bayou_pond_a,
          minmay_misc_feat_square
D:2:      layout_basic, serial_shops, shop, nicolae_shop_advertising_works
          [nicolae_subvault_shop_adworks], nicolae_shop_waterfront, shop,
          nicolae_diamond_shop, dreamdust_ecumenical_altar_drowned_temple,
          basic_altar, uniq_sigmund, uniq_jessica

Skill      XL: |  1  2 |
---------------+-------+-----
Dodging        | 3 |  3.0
Stealth        | 2 |  2.2
Fighting       | |  1.9
Ranged Weapons | |  5.9
Armour         | |  0.8

Action                   || total
-------------------------++-------
 Fire: Shortbow          ||    74
Armor: Leather armour    ||     7
Dodge: Dodged            ||    23

Table legend: (Time is in decaauts)
 A = Elapsed time spent in this place.
 B = Non-inter-level travel time spent in this place.
 C = Inter-level travel time spent in this place.
 D = Time resting spent in this place.
 E = Time spent auto-exploring this place.
 F = Levels seen in this place.
 G = Mean time per level.
                   A        B        C        D        E       F      G
               +--------+--------+--------+--------+--------+-----+--------+
         Total |   1051 |   1015 |     36 |      0 |    880 |   2 |  525.5 |
       Dungeon |   1051 |   1015 |     36 |      0 |    880 |   2 |  525.5 |
               +--------+--------+--------+--------+--------+-----+--------+

Top non-repeatable levels by time:
     D:1: 810 daAuts
     D:2: 241 daAuts
